 Dungeon Sprint DCSS version 0.30-a0-1161-g0704695555 (webtiles) character file.

Game seed: 12871517170383719006

184 sircluck the Cleaver (level 5, -3/54 (56) HPs)
             Began as a Hill Orc Berserker on Apr 27, 2023.
             Was a Priest of Trog.
             Killed from afar by a necromancer (20 damage)
             ... with a bolt of negative energy
             ... in the Dungeon (Sprint III: "The Ten Rune Challenge").
             The game lasted 00:00:51 (333 turns).

sircluck the Cleaver (Hill Orc Berserker)            Turns: 333, Time: 00:00:52

HP:   -3/54 (56)    AC:  2    Str: 22    XL:     5   Next: 63%
MP:   5/5           EV: 12    Int:  7    God:    Trog [***...]
Gold: 14            SH:  0    Dex: 10    Spells: 4/4 levels left

rFire   . . .        a - +0 hand axe
rCold   . . .        (no shield)
rNeg    . . .        b - +0 animal skin
rPois   .            (no helmet)
rElec   .            (no cloak)
rCorr   .            (no gloves)
SInv    .            (no boots)
Will    .....        (no amulet)
Stlth   +            (no ring)
HPRegen 0.29/turn    (no ring)
MPRegen 0.09/turn

%: no teleportation
@: lightly drained
A: no striking features
a: Renounce Religion, Berserk, Trog's Hand


You were in the Dungeon.
You worshipped Trog.
Trog was most pleased with you.
You visited 1 branch You collected 14 gold pieces.

Inventory:

Hand Weapons
 a - a +0 hand axe (weapon)
Missiles
 i - 4 poisoned darts (quivered)
Armour
 b - a +0 animal skin (worn)
 j - a +0 cloak
Scrolls
 h - a scroll of blinking
 k - a scroll of torment {unknown}
 l - 3 scrolls of identify
 n - a scroll of poison {unknown}
Potions
 c - 2 potions of curing
 d - a potion of heal wounds
 e - a potion of haste
 f - 2 potions of magic
 g - a potion of berserk rage
 m - 3 potions of flight


   Skills:
 + Level 8.7 Fighting
 + Level 10.2 Axes
 + Level 4.3 Armour
 + Level 3.1 Dodging
 + Level 1.3 Stealth


You had 4 spell levels left.
You didn't know any spells.
Your spell library was empty.

Dungeon Overview and Level Annotations

Branches:
Dungeon (1/1)

Altars:
Dithmenos
Ru
Yredelemnul


Message History

The necrophage is severely damaged.
The necrophage hits you.
You feel drained.
The necromancer mumbles some strange words.
The necromancer binds the souls of nearby monsters.
You closely miss the necrophage.
The necrophage is severely damaged.
The necrophage hits you.
You feel drained.
You barely miss the necrophage.
The necrophage is severely damaged.
You hit the necrophage.
The necrophage is almost destroyed.
The necromancer casts a spell at you.
The bolt of negative energy hits the necrophage.
The necrophage completely resists.
The bolt of negative energy hits you!
You feel drained. The necrophage hits you.
You feel drained.
You are too injured to fight recklessly!
You are too injured to fight recklessly!
You are too injured to fight recklessly!
You are too injured to fight recklessly!
You are too injured to fight recklessly!
You are too injured to fight recklessly!
You are too injured to fight recklessly!
You are too injured to fight recklessly!
You are too injured to fight recklessly!
You are too injured to fight recklessly!
You are too injured to fight recklessly!
You are too injured to fight recklessly!
You are too injured to fight recklessly!
Unknown command.
You slash the necrophage!
You destroy the necrophage!
Trog accepts your kill.
Your life force feels restored.
Your Fighting skill increases to level 8!
Your Axes skill increases to level 10!
Your Dodging skill increases to level 3!
You closely miss the necromancer.
The necromancer gestures at you while chanting.
The bolt of negative energy hits you!!
You feel drained.
You die...

▓ ▓▓▓ ♣♣♣ ♣.# ####
..♣ ♣♣.# #__# ♣.♣
♣..# #$_
~.♣♣♣♣.###+#+###p##
~.♣.♣..#........@.#
~~♣..♣.'.⌠........#
≈~~~♣..#...######+#
~~~....#.⌠.#
~~.....#...#
.......#+###
.......# .......#
▓▓▓▓▓▓▓▓


You could see a necromancer.

Vanquished Creatures
  A necrophage (D)
  A water elemental (D)
  Crazy Yiuf (D)
  Jessica (D)
  A human (D)
  An endoplasm (D)
  2 rats (D)
8 creatures vanquished.

Notes
Turn   | Place    | Note
-------+----------+-------------------------------------------
     0 | D        | sircluck the Hill Orc Berserker began the quest for the
                  | Orb.
     0 | D        | Reached XP level 1. HP: 19/19 MP: 1/1
    18 | D        | Noticed Jessica
    22 | D        | Reached ** piety under Trog
    27 | D        | Killed Jessica
    28 | D        | Reached skill level 5 in Fighting
    28 | D        | Reached skill level 6 in Axes
    28 | D        | Reached XP level 2. HP: 12/30 MP: 2/2
    28 | D        | Reached XP level 3. HP: 15/37 MP: 3/3
   138 | D        | Reached skill level 7 in Axes
   168 | D        | Noticed Crazy Yiuf
   175 | D        | Killed Crazy Yiuf
   176 | D        | Reached XP level 4. HP: 34/45 MP: 4/4
   271 | D        | Noticed a water elemental
   275 | D        | Killed a water elemental
   275 | D        | Reached *** piety under Trog
   276 | D        | Reached skill level 9 in Axes
   276 | D        | Reached skill level 1 in Stealth
   276 | D        | Reached XP level 5. HP: 53/53 MP: 5/5
   320 | D        | Found a basalt altar of Yredelemnul.
   320 | D        | Found a shadowy altar of Dithmenos.
   320 | D        | Found a sacrificial altar of Ru.
   333 | D        | Reached skill level 10 in Axes
   333 | D        | Killed from afar by a necromancer

Illustrated notes

Levels and vault maps discovered:
D:        dungeon_sprint_mu [sprint_mu_entry_forest, sprint_mu_temple_rooms,
          sprint_mu_d1_horrors, sprint_mu_d2_genie, sprint_mu_d3_branching,
          sprint_mu_orc_legion, sprint_mu_elf_gauntlet, sprint_mu_hive_nellie,
          sprint_mu_lair_fedhas, sprint_mu_vaults_butterflies,
          sprint_mu_slime_circle, sprint_mu_swamp_cave, sprint_mu_shoals_kraken,
          sprint_mu_blade_basic, sprint_mu_crypt_lich, sprint_mu_tomb_spiral,
          sprint_mu_vestibule_basic, sprint_mu_gehenna_hellfire,
          sprint_mu_dis_giant, sprint_mu_tartarus_statrot,
          sprint_mu_cocytus_islands, sprint_mu_zot1]

Skill      XL: |  1  2  3  4  5 |
---------------+----------------+-----
Fighting       | 5 6 7 8 |  8.7
Axes           | 6 7 9 10 | 10.2
Armour         | 3 4 |  4.3
Dodging        | 2 3 |  3.1
Stealth        | 1 |  1.3

Action                     |  1- 3 |  4- 6 || total
---------------------------+-------+-------++-------
  Melee: Hand axe          |    19 |    15 ||    34
 Invoke: Berserk           |     2 |     1 ||     3
   Stab: Sleeping          |     1 |       ||     1
 Armour: Animal skin       |     1 |     1 ||     2
  Dodge: Dodged            |    10 |     4 ||    14

Table legend: (Time is in decaauts)
 A = Elapsed time spent in this place.
 B = Non-inter-level travel time spent in this place.
 C = Inter-level travel time spent in this place.
 D = Time resting spent in this place.
 E = Time spent auto-exploring this place.
 F = Levels seen in this place.
 G = Mean time per level.
                   A        B        C        D        E       F      G
               +--------+--------+--------+--------+--------+-----+--------+
         Total |    364 |    364 |      0 |    160 |     75 |   1 |  364.0 |
       Dungeon |    364 |    364 |      0 |    160 |     75 |   1 |  364.0 |
               +--------+--------+--------+--------+--------+-----+--------+

Top non-repeatable levels by time:
       D: 364 daAuts
